AoeStats
← nielsjehaes23

Arabia

510516018Analyzed
1v1 RM · 1d ago on Oct 1, 2026· 51m 49s· 2 players
Game mode
Random Map
Map size
Tiny (2 player)
Population
200
Speed
Normal
Resources
Standard
Victory
Conquest
Starting age
Dark Age
Ending age
Imperial Age
RankedLock teamsTeams togetherTeam positionsShared explorationLock speedFull tech treeHidden civsTurbo modeCheats
Victory
Defeat
🇦🇹 Armenians · Austria
959
+14
🇧🇪 Romans · Belgium
918
-14
nielsjehaes23
8:05 Loom
9:50 Feudal Age
8:09 Loom
10:20 Double-Bit Axe
17:09 Castle Age
16:28 Wheelbarrow
15:43 Man-at-Arms
18:35 Long Swordsman
21:15 Forging
26:39 Hand Cart
26:21 Horse Collar
27:19 Squires
29:20 Scale Mail Armor
31:20 Bow Saw
32:10 Town Watch
39:42 Light Cavalry
41:33 Husbandry
42:16 Iron Casting
41:47 Scale Barding Armor
42:20 Ballistics
42:30 Bloodlines
43:24 Gold Mining
45:14 Heavy Plow
45:56 Gold Shaft Mining
48:41 Ballistas
49:02 Pikeman
HansDampf87
0:42 Loom
11:59 Feudal Age
13:40 Man-at-Arms
14:22 Long Swordsman
14:50 Arson
16:17 Scale Mail Armor
19:31 Horse Collar
22:41 Castle Age
21:10 Double-Bit Axe
21:19 Gold Mining
22:42 Stone Mining
23:27 Two-Handed Swordsman
24:42 Heavy Plow
24:48 Gambesons
27:10 Forging
28:34 Wheelbarrow
29:06 Gold Shaft Mining
30:49 Murder Holes
36:42 Imperial Age
36:49 Fletching
37:35 Iron Casting
37:16 Chain Mail Armor
40:43 Scale Barding Armor
41:39 Blast Furnace
41:12 Hand Cart
41:18 Bloodlines
41:46 Conscription
42:04 Chain Barding Armor
41:45 Light Cavalry
42:14 Town Watch
44:14 Bow Saw
45:42 Chemistry
46:06 Town Patrol
47:49 Husbandry
Connection lost

Rejoining the realm…

Still unreachable

The connection could not be restored.

Session expired

The server has moved on; the page needs a fresh start.